 Dungeon Crawl Stone Soup version 0.31-a0-152-g6aa68a64a1 (webtiles) character file.

Game seed: 1278547747103951562

359 qw the Shooter (level 6, -2/58 HPs)
             Began as a Naga Hunter on June 9, 2023.
             Killed from afar by a white imp (8 damage)
             ... with a puff of frost
             ... on level 5 of the Dungeon.
             The game lasted 00:01:14 (3487 turns).

qw the Shooter (Naga Hunter)                        Turns: 3487, Time: 00:01:15

Health: -2/58      AC:  6    Str: 12 (13) XL:     6   Next: 65%
Magic:  6/6        EV:  9    Int:  9      God:
Gold:   91         SH:  0    Dex: 16 (17) Spells: 5/5 levels left

rFire   . . .        o - +0 orcbow
rCold   . . .        (shield currently unavailable)
rNeg    . . .        c - +0 leather armour
rPois   +            b - +2 helmet
rElec   .            (no cloak)
rCorr   .            (no gloves)
SInv    +            (no barding)
Will    .....        h - amulet of the acrobat
Stlth   ++           (no ring)
HPRegen 0.29/turn    (no ring)
MPRegen 0.10/turn

%: acrobat
@: about to teleport, very slow
A: AC +2, large, see invisible, deformed body, poison resistance, slowness 2,
spit poison 1, naga tail 1
a: Spit Poison


You were on level 5 of the Dungeon.
You visited 1 branch of the dungeon, and saw 5 of its levels.

You collected 212 gold pieces.
You spent 121 gold pieces at shops.


Innate Abilities, Weirdness & Mutations

Your serpentine skin is tough. (AC +2)
You have supernaturally acute eyesight. (SInv)
Armour fits poorly on your strangely shaped body.
Your system is resistant to poisons. (rPois)
You cover ground very slowly.
You can spit poison.
You have a snake-like lower body.


   Skills:
 - Level 4.3 Fighting
 + Level 6.0 Ranged Weapons
 - Level 1.5 Dodging
 - Level 1.5 Stealth


You had 5 spell levels left.
You didn't know any spells.
Your spell library was empty.

Inventory:

Hand Weapons
 o - a +0 orcbow (weapon)
Armour
 b - a +2 helmet (worn)
 c - a +0 leather armour (worn)
Jewellery
 h - an amulet of the acrobat (around neck)
Scrolls
 i - a scroll of enchant armour
 m - 2 scrolls of identify
 n - 3 scrolls of teleportation
Potions
 a - 2 potions of curing {unknown}
 d - 2 potions of lignification {unknown}
 e - 2 potions of heal wounds {unknown}
 f - a potion of berserk rage {unknown}
 g - a potion of might
 j - a potion of attraction {unknown}
 k - a potion of brilliance {unknown}
 l - a potion of mutation {unknown}

Dungeon Overview and Level Annotations

Branches:
Dungeon (5/15)
 Temple: D:4-7

Altars:
Cheibriados
Elyvilon
Fedhas
Hepliaklqana
Nemelex Xobeh
Sif Muna
Trog
Uskayaw
Vehumet
Zin

Shops:
D:4 :?


Message History

The black bear claws you but does no damage.
3481 ||| INVOKING Spit Poison.
Aiming: Spit Poison (1% risk of failure)
Press: ? - help, Shift-Dir - straight line, f/p - black bear The splash of poison hits the black bear!
The black bear is poisoned.
The black bear is almost dead.
The black bear goes berserk!
You shoot an arrow. The arrow barely misses the black bear.
The black bear bites you. The black bear barely misses you.
The black bear claws you but does no damage.
You shoot an arrow. The arrow barely misses the black bear.
The black bear bites you. The black bear claws you.
The black bear claws you but does no damage.
The black bear bites you but does no damage.
The black bear claws you.
The black bear claws you but does no damage.
The white imp barely misses you.
You shoot an arrow. The arrow hits the black bear!
You kill the black bear!
You have got your breath back.
The white imp gestures at you. The puff of frost hits you.
You feel your dexterity returning.
Your Fighting skill increases to level 4!
You shoot an arrow.
The arrow hits the white imp but does no damage.
The white imp gestures at you. The puff of frost hits you!
The white imp hits you but does no damage.
3486 ||| READING 4 scrolls of teleportation.
As you read the scroll of teleportation, it crumbles to dust.
You feel strangely unstable.
The white imp grinds its teeth.
The white imp hits you. The white imp freezes you.
You shoot an arrow. The arrow hits the white imp.
The white imp is moderately wounded.
The white imp gestures at you. The puff of frost hits you!
You die...

## .. #.# #.#
#.### #... # #+#
#..#.##### ....
#.@#.....) .....
#.5%.....#
....####.........
#...............
#.##............
#.#.........#.#.
#.#..######.#...
#.#..#..........
#.#...#.###.###


You could see a white imp.

Vanquished Creatures
  A black bear (D:5)
  A scorpion (D:4)
  4 gnolls (D:4)
  6 adders
  A white imp (D:5)
  A worm (D:5)
  4 dart slugs
  6 orcs
  5 endoplasms
  3 giant cockroaches
  17 goblins
  11 hobgoblins
  3 jackals (D:1)
  3 quokkas (D:1)
  4 ball pythons
  6 bats
  4 frilled lizards
  7 kobolds
  3 rats
90 creatures vanquished.

Notes
Turn   | Place    | Note
-------+----------+-------------------------------------------
     0 | D:1      | qw the Naga Hunter began the quest for the Orb.
     0 | D:1      | Reached XP level 1. HP: 19/19 MP: 1/1
     0 | D:1      | 0 ||| qw: Version: 0.2-a-122-gbc61b45
     0 | D:1      | 0 ||| qw: Game counter: 3272
     0 | D:1      | 0 ||| qw: Always use a shield: true
     0 | D:1      | 0 ||| qw: God list: Okawaru
     0 | D:1      | 0 ||| qw: Allow faded altars: false
     0 | D:1      | 0 ||| qw: Do Orc after D:15 true
     0 | D:1      | 0 ||| qw: Do second Lair branch before Depths: true
     0 | D:1      | 0 ||| qw: Lair rune preference: random
     0 | D:1      | 0 ||| qw: Plans: Normal
     0 | D:1      | 0 ||| PLANNING D:1-11
    12 | D:1      | 12 ||| INVOKING Spit Poison.
    77 | D:1      | You fall into a shaft and drop 1 floor!
    86 | D:2      | 86 ||| INVOKING Spit Poison.
   113 | D:2      | 113 ||| INVOKING Spit Poison.
   114 | D:2      | Reached skill level 4 in Ranged Weapons
   114 | D:2      | Reached XP level 2. HP: 26/26 MP: 2/2
   141 | D:2      | 141 ||| INVOKING Spit Poison.
   146 | D:2      | 146 ||| INVOKING Spit Poison.
   194 | D:2      | 194 ||| INVOKING Spit Poison.
   235 | D:2      | 235 ||| INVOKING Spit Poison.
   241 | D:2      | 241 ||| INVOKING Spit Poison.
   281 | D:2      | 281 ||| INVOKING Spit Poison.
   302 | D:2      | 302 ||| READING 4 scrolls labelled KEIXKU YQEIDIZ.
   303 | D:2      | 303 ||| READING scroll labelled ECKUTI HOTIBOA.
   304 | D:2      | 304 ||| READING 3 scrolls labelled ONWUEG SIONAWUA.
   305 | D:2      | 305 ||| READING scroll labelled TEUBLY MOEFF.
   308 | D:2      | 308 ||| READING scroll labelled ECASEX DASIPNA.
   309 | D:2      | 309 ||| DROPPING 3 scrolls of magic mapping.
   310 | D:2      | 310 ||| DROPPING scroll of butterflies.
   311 | D:2      | 311 ||| DROPPING 2 scrolls of immolation.
   317 | D:1      | 317 ||| INVOKING Spit Poison.
   318 | D:1      | Reached XP level 3. HP: 32/32 MP: 3/3
   322 | D:1      | 322 ||| INVOKING Spit Poison.
   370 | D:1      | 370 ||| INVOKING Spit Poison.
   425 | D:1      | 425 ||| INVOKING Spit Poison.
   430 | D:1      | 430 ||| INVOKING Spit Poison.
   471 | D:1      | 471 ||| INVOKING Spit Poison.
   497 | D:1      | 497 ||| INVOKING Spit Poison.
   545 | D:1      | 545 ||| INVOKING Spit Poison.
   598 | D:1      | 598 ||| INVOKING Spit Poison.
   612 | D:1      | 612 ||| INVOKING Spit Poison.
   724 | D:1      | 724 ||| INVOKING Spit Poison.
   901 | D:1      | 901 ||| INVOKING Spit Poison.
   989 | D:1      | 989 ||| UPGRADING to +2 helmet.
   994 | D:1      | 994 ||| READING scroll labelled AGOYTT LORA.
  1114 | D:2      | 1114 ||| INVOKING Spit Poison.
  1119 | D:2      | Reached skill level 5 in Ranged Weapons
  1119 | D:2      | Reached XP level 4. HP: 38/39 MP: 4/4
  1150 | D:2      | 1150 ||| INVOKING Spit Poison.
  1155 | D:2      | 1155 ||| INVOKING Spit Poison.
  1296 | D:2      | 1296 ||| INVOKING Spit Poison.
  1304 | D:2      | 1304 ||| INVOKING Spit Poison.
  1431 | D:2      | 1431 ||| READING scroll labelled IGIONL TEUSEH.
  1432 | D:2      | 1432 ||| READING scroll labelled PAKLIDWO NOZIEHO.
  1474 | D:3      | 1474 ||| INVOKING Spit Poison.
  1480 | D:3      | 1480 ||| INVOKING Spit Poison.
  1485 | D:3      | 1485 ||| INVOKING Spit Poison.
  1488 | D:3      | 1488 ||| INVOKING Spit Poison.
  1502 | D:3      | 1502 ||| INVOKING Spit Poison.
  1592 | D:3      | 1592 ||| INVOKING Spit Poison.
  1599 | D:3      | 1599 ||| INVOKING Spit Poison.
  1694 | D:3      | 1694 ||| INVOKING Spit Poison.
  1698 | D:3      | 1698 ||| INVOKING Spit Poison.
  1702 | D:3      | 1702 ||| INVOKING Spit Poison.
  1705 | D:3      | 1705 ||| INVOKING Spit Poison.
  1711 | D:3      | 1711 ||| INVOKING Spit Poison.
  1715 | D:3      | 1715 ||| INVOKING Spit Poison.
  1799 | D:3      | 1799 ||| INVOKING Spit Poison.
  1838 | D:3      | 1838 ||| INVOKING Spit Poison.
  1844 | D:3      | 1844 ||| INVOKING Spit Poison.
  1863 | D:3      | 1863 ||| INVOKING Spit Poison.
  1865 | D:3      | Reached skill level 3 in Fighting
  1888 | D:3      | 1888 ||| INVOKING Spit Poison.
  1906 | D:3      | 1906 ||| INVOKING Spit Poison.
  1981 | D:3      | 1981 ||| INVOKING Spit Poison.
  1989 | D:3      | Found a hazy altar of Hepliaklqana.
  1993 | D:3      | Found a bloodstained altar of Trog.
  2026 | D:3      | 2026 ||| INVOKING Spit Poison.
  2154 | D:3      | 2154 ||| INVOKING Spit Poison.
  2359 | D:3      | 2359 ||| READING scroll labelled CUOSEI DYDUKEA.
  2431 | D:3      | 2431 ||| DRINKING 2 pink potions.
  2432 | D:3      | 2432 ||| DRINKING 2 fuming green potions.
  2433 | D:3      | 2433 ||| DROPPING potion of degeneration.
  2444 | D:4      | Found a shimmering blue altar of Sif Muna.
  2444 | D:4      | Found a blossoming altar of Fedhas.
  2444 | D:4      | Found a snail-covered altar of Cheibriados.
  2445 | D:4      | 2445 ||| INVOKING Spit Poison.
  2455 | D:4      | 2455 ||| INVOKING Spit Poison.
  2496 | D:4      | 2496 ||| INVOKING Spit Poison.
  2499 | D:4      | Reached XP level 5. HP: 49/49 MP: 5/5
  2501 | D:4      | 2501 ||| INVOKING Spit Poison.
  2507 | D:4      | 2507 ||| INVOKING Spit Poison.
  2510 | D:4      | 2510 ||| INVOKING Spit Poison.
  2514 | D:4      | 2514 ||| INVOKING Spit Poison.
  2629 | D:4      | Found a white marble altar of Elyvilon.
  2641 | D:4      | 2641 ||| INVOKING Spit Poison.
  2647 | D:4      | 2647 ||| INVOKING Spit Poison.
  2652 | D:4      | 2652 ||| INVOKING Spit Poison.
  2670 | D:4      | 2670 ||| INVOKING Spit Poison.
  2748 | D:4      | 2748 ||| DRINKING 2 murky green potions.
  2749 | D:4      | 2749 ||| DROPPING potion of magic.
  2757 | D:4      | 2757 ||| STAIRDANCE
  2809 | D:4      | Found a hide-covered altar of Uskayaw.
  2845 | D:4      | Found Nuhios's Tiny Tomes.
  2859 | D:4      | 2859 ||| UPGRADING to amulet of the acrobat.
  2864 | D:4      | 2864 ||| DRINKING 3 grey potions.
  2865 | D:4      | 2865 ||| DROPPING 2 potions of enlightenment.
  2875 | D:4      | 2875 ||| STAIRDANCE
  2876 | D:3      | Found a sparkling altar of Nemelex Xobeh.
  2876 | D:3      | Found a glowing silver altar of Zin.
  2904 | D:4      | 2904 ||| INVOKING Spit Poison.
  2907 | D:4      | Reached skill level 6 in Ranged Weapons
  2907 | D:4      | Reached XP level 6. HP: 56/56 MP: 6/6
  3144 | D:4      | 3144 ||| INVOKING Spit Poison.
  3154 | D:4      | Found Hulogos's Magic Scroll Shop.
  3162 | D:4      | 3162 ||| BUYING scroll of identify (22 gold).
  3162 | D:4      | Bought a scroll of identify for 22 gold pieces
  3162 | D:4      | 3162 ||| BUYING scroll of teleportation (33 gold).
  3162 | D:4      | Bought a scroll of teleportation for 33 gold pieces
  3162 | D:4      | 3162 ||| BUYING scroll of teleportation (33 gold).
  3162 | D:4      | Bought a scroll of teleportation for 33 gold pieces
  3162 | D:4      | 3162 ||| BUYING scroll of teleportation (33 gold).
  3162 | D:4      | Bought a scroll of teleportation for 33 gold pieces
  3273 | D:5      | Entered Level 5 of the Dungeon
  3309 | D:5      | 3309 ||| SWAPPING to +0 orcbow.
  3312 | D:5      | 3312 ||| DROPPING +0 shortbow.
  3328 | D:5      | 3328 ||| INVOKING Spit Poison.
  3339 | D:5      | 3339 ||| INVOKING Spit Poison.
  3344 | D:5      | 3344 ||| INVOKING Spit Poison.
  3347 | D:5      | 3347 ||| INVOKING Spit Poison.
  3360 | D:5      | Found a radiant altar of Vehumet.
  3378 | D:5      | 3378 ||| INVOKING Spit Poison.
  3383 | D:5      | 3383 ||| INVOKING Spit Poison.
  3418 | D:5      | 3418 ||| INVOKING Spit Poison.
  3470 | D:5      | Noticed a black bear
  3474 | D:5      | 3474 ||| INVOKING Spit Poison.
  3477 | D:5      | 3477 ||| INVOKING Spit Poison.
  3481 | D:5      | 3481 ||| INVOKING Spit Poison.
  3484 | D:5      | Killed a black bear
  3485 | D:5      | HP: 11/58 [white imp/puff of frost (10)]
  3486 | D:5      | 3486 ||| READING 4 scrolls of teleportation.
  3487 | D:5      | Killed from afar by a white imp

Levels and vault maps discovered:
D:1:      dpeg_chamrin_arrival_tetris, layout_loops_ring, minmay_cupped
D:2:      layout_loops_ring
D:3:      kennysheep_the_goblin_king, layout_loops_ring,
          nicolae_overflow_hidden_temple, palyth_stone_intersect,
          wander_ebering_terrifying_dragon_lair
D:4:      layout_cave_pods, nicolae_uskayaw_dance_hall,
          chequers_temple_overflow_statue_of_worship, elyvilon_altar_3,
          serial_shops, shop_fountains, nicolae_shop_i_like_small_books_too
D:5:      layout_basic, vehumet_crystals

Skill      XL: |  1  2  3  4  5  6 |
---------------+-------------------+-----
Ranged Weapons | 4 5 6 |  6.0
Fighting       | 3 4 |  4.3
Dodging        | |  1.5
Stealth        | |  1.5

Action                     |  1- 3 |  4- 6 || total
---------------------------+-------+-------++-------
   Fire: Shortbow          |    52 |    93 ||   145
         Orcbow            |       |    35 ||    35
Ability: Spit Poison       |    22 |    49 ||    71
    Use: Scroll            |     6 |     4 ||    10
         Potion            |       |     4 ||     4
 Armour: Leather armour    |     7 |    48 ||    55
  Dodge: Dodged            |     8 |    45 ||    53

Table legend:
 A = Non-vault XP
 B = Vault XP
 C = Vault XP percentage of total XP
 D = Non-vault monster count
 E = Vault monster count
 F = Vault count percentage of total count
                 A         B        C        D         E       F
            +---------+---------+-------+---------+---------+-------
      Total |     497 |      17 |   3.3 |      81 |       9 |  10.0
            +---------+---------+-------+---------+---------+-------
        D:1 |      37 |       2 |   5.1 |      20 |       1 |   4.8
        D:2 |      54 |       0 |   0.0 |      17 |       0 |   0.0
        D:3 |      52 |      15 |  22.4 |      16 |       8 |  33.3
        D:4 |     175 |       0 |   0.0 |      19 |       0 |   0.0
        D:5 |     179 |       0 |   0.0 |       9 |       0 |   0.0
            +---------+---------+-------+---------+---------+-------
